 Dungeon Crawl Stone Soup version 0.30-a0-782-ge64f9170bb (webtiles) character file.

Game seed: 13540108488119466299

161 Querens the Trooper (level 5, 0/34 HPs)
             Began as a Gargoyle Fighter on Feb 24, 2023.
             Slain by a hound (2 damage)
             ... on level 4 of the Dungeon.
             The game lasted 00:05:54 (1860 turns).

Querens the Trooper (Gargoyle Fighter)              Turns: 1860, Time: 00:05:54

Health: 0/34       AC: 12    Str: 22    XL:     5   Next: 42%
Magic:  5/5        EV:  9    Int:  8    God:
Gold:   248        SH:  4    Dex:  9    Spells: 4/4 levels left

rFire   . . .      SeeInvis .    a - +0 war axe
rCold   . . .      Faith    .    c - +0 buckler
rNeg    + . .      Spirit   .    b - +0 scale mail
rPois   ∞          Reflect  .    (no helmet)
rElec   +          Harm     .    (no cloak)
rCorr   .          Rampage  .    q - +0 pair of gloves
Will    .....                    (no boots) Stlth
                                 (no amulet)
HPRegen 0.25/turn                (no ring)
MPRegen 0.09/turn                (no ring)

@: no status effects
A: sickness immunity, AC +4, negative energy resistance 1, electricity
resistance, torment resistance 1, petrification resistance
a: no special abilities


You were on level 4 of the Dungeon.
You visited 1 branch of the dungeon, and saw 4 of its levels.

You collected 248 gold pieces.

Inventory:

Hand Weapons
 a - a +0 war axe (weapon)
Armour
 b - a +0 scale mail (worn)
 c - a +0 buckler (worn)
 q - a +0 pair of gloves (worn)
Wands
 r - a wand of acid (5)
Scrolls
 f - 2 scrolls of fear {unknown}
 g - 2 scrolls of identify {unknown}
 h - a scroll of vulnerability {unknown}
 i - 3 scrolls of teleportation {unknown}
 j - a scroll of magic mapping {unknown}
 l - a scroll of noise {unknown}
 o - a scroll of brand weapon {unknown}
 p - a scroll of torment {unknown}
 s - a scroll of amnesia {unknown}
Potions
 d - 2 potions of might
 e - a potion of invisibility {unknown}
 k - 3 potions of heal wounds {unknown}
 m - 2 potions of lignification {unknown}
 n - 3 potions of brilliance {unknown}


   Skills:
 + Level 4.3 Fighting
 + Level 2.8 Axes
 + Level 4.3 Armour
 + Level 4.2 Shields


You had 4 spell levels left.
You didn't know any spells.
Your spell library contained the following spells:

 Spells                   Type           Power      Damage    Failure   Level
 Apportation              Tloc           0%         N/A       82%         1
 Sandblast                Erth           0%         2d4       82%         1
 Slow                     Hex            0%         N/A       82%         1
 Passwall                 Tmut/Erth      0%         N/A       91%         2
 Confusing Touch          Hex            0%         N/A       99%         3
 Ignite Poison            Fire/Tmut/Pois 0%         N/A       99%         3
 Stone Arrow              Conj/Erth      0%         3d7       99%         3
 Vampiric Draining        Necr           0%         2d6       99%         3
 Sticky Flame             Conj/Fire      0%         2d3       100%        4
 Alistair's Intoxication  Tmut/Pois      0%         N/A       100%        5
 Ignition                 Fire           0%         3d3       100%        8


Dungeon Overview and Level Annotations

Branches:
Dungeon (4/15)
 Temple: D:4-7

Altars:


Innate Abilities, Weirdness & Mutations

You are immune to sickness and miasma.
Your stone body is resilient. (AC +4)
You are immune to poison.
You resist negative energy. (rN+)
You are resistant to electric shocks. (rElec)
You are resistant to unholy torment.
You are immune to petrification.


Message History

Found a scroll labelled GIOSYL OGUC.
i - 3 scrolls labelled GIOSYL OGUC (gained 1)
A gnoll and a hobgoblin come into view.
Found a scroll labelled NEIMNU PATWU and 10 gold pieces.
The gnoll shouts!
The hobgoblin shouts!
You are too injured to fight recklessly!
You are too injured to fight recklessly!
A hound and a gnoll come into view.
The hound barks!
The gnoll shouts!
You hear a shout!
The hobgoblin hits you but does no damage.
The hound moves out of view.
You slash the hobgoblin!
You kill the hobgoblin!
A gnoll comes into view. It is wielding a +0 club.
You slash the gnoll!
The gnoll is heavily wounded.
You block the gnoll's attack.
You hit the gnoll.
You kill the gnoll!
You closely miss the hound. The hound bites you.
The hound bites you but does no damage.
You slash the hound!
The hound is severely wounded.
The hound closely misses you.
A gnoll comes into view. It is wielding a +0 halberd.
The hound bites you but does no damage. The gnoll barely misses you.
You slash the gnoll!
The gnoll is heavily wounded.
You hit the hound but do no damage. The hound bites you but does no damage.
The hound bites you. The gnoll barely misses you. The hound barely misses you.
You hit the gnoll.
The gnoll is severely wounded.
You completely miss the hound. The gnoll hits you with a +0 flail!
* * * LOW HITPOINT WARNING * * *
The hound bites you but does no damage. x2; The gnoll barely misses you.
The gnoll attacks as you move away! The gnoll hits you with a +0 flail.
* * * LOW HITPOINT WARNING * * *
The hound stops to sniff the ground.
The hound bites you.
You die...

### .# # #.. .# #.
#.# .. . #.# .#
#.##.# #.# .#
#.##.####.######.
.#
#.......g........
.#######
#.##.#.h#)#####.
..)....#
#.##.#@.#g#
.#####.#
#.......#g# .#
#.####.##.##.#.# .#
#.........##.#.. .#
######.......♣♣? .#
########♣ $ ##
#######♣ .♣
############......♣
.............#####♣


You could see a hound and a gnoll.

Vanquished Creatures
  Blork the orc (D:4)
  Terence (D:2)
  A gnoll (D:4)
  2 worms (D:2)
  A bat (D:3)
  3 endoplasms
  A giant cockroach (D:2)
  4 goblins
  8 hobgoblins
  3 jackals (D:1)
  7 kobolds
  A quokka (D:2)
  5 ball pythons
  4 frilled lizards
  8 rats
50 creatures vanquished.

Notes
Turn   | Place    | Note
-------+----------+-------------------------------------------
     0 | D:1      | Querens the Gargoyle Fighter began the quest for the Orb.
     0 | D:1      | Reached XP level 1. HP: 14/14 MP: 1/1
    65 | D:1      | Reached XP level 2. HP: 17/19 MP: 2/2
   754 | D:2      | Reached XP level 3. HP: 23/23 MP: 3/3
   838 | D:2      | Noticed Terence
   846 | D:2      | Killed Terence
   847 | D:2      | Reached XP level 4. HP: 27/29 MP: 4/4
  1697 | D:4      | Identified the +1 robe of Samacol {rC+ Archmagi}
  1819 | D:4      | Noticed Blork the orc
  1826 | D:4      | Killed Blork the orc
  1827 | D:4      | Reached XP level 5. HP: 9/33 MP: 5/5
  1859 | D:4      | HP: 1/34 [gnoll/+0 flail (5)]
  1860 | D:4      | Slain by a hound

Illustrated notes

Levels and vault maps discovered:
D:1:      lightli_arrival_quake, layout_basic, hangedman_decor_growths
D:2:      layout_loops_ring, serial_bayou_pond_e, uniq_terence
D:3:      layout_loops_ring
D:4:      layout_loops_ring, serial_forest, infiniplex_forest_lined_room_3,
          infiniplex_forest_clump_tiny, infiniplex_forest_clump_cross,
          infiniplex_forest_straight_4, infiniplex_forest_zigzag_2,
          infiniplex_forest_fountain, infiniplex_forest_straight_4,
          dreamdust_princess_corridor, item_on_display_a, uniq_blork_the_orc

Skill      XL: |  1  2  3  4 |
---------------+-------------+-----
Axes           | 2 |  2.8
Armour         | 4 |  4.3
Fighting       | 4 |  4.3
Shields        | 4 |  4.2

Action                     |  1- 3 |  4- 6 || total
---------------------------+-------+-------++-------
  Melee: War axe           |    74 |    77 ||   151
  Evoke: Wand              |       |     2 ||     2
 Armour: Scale mail        |    38 |    37 ||    75
  Dodge: Dodged            |    33 |    36 ||    69
  Block: Buckler           |    11 |    19 ||    30

Table legend: (Time is in decaauts)
 A = Elapsed time spent in this place.
 B = Non-inter-level travel time spent in this place.
 C = Inter-level travel time spent in this place.
 D = Time resting spent in this place.
 E = Time spent auto-exploring this place.
 F = Levels seen in this place.
 G = Mean time per level.
                   A        B        C        D        E       F      G
               +--------+--------+--------+--------+--------+-----+--------+
         Total |   1924 |   1662 |    262 |      0 |      0 |   4 |  481.0 |
       Dungeon |   1924 |   1662 |    262 |      0 |      0 |   4 |  481.0 |
               +--------+--------+--------+--------+--------+-----+--------+

Top non-repeatable levels by time:
     D:1: 616 daAuts
     D:3: 557 daAuts
     D:2: 543 daAuts
     D:4: 207 daAuts
